 Dungeon Crawl Stone Soup version 0.30-a0-862-g1aabd4f9c5 (webtiles) character file.

Game seed: 6719793028425522887

816 oldriver the Trooper (level 7, -2/45 HPs)
             Began as a Gargoyle Chaos Knight on Mar 8, 2023.
             Was a Plaything of Xom.
             Slain by a gnoll
             ... wielding a +0 halberd
              (4 damage)
             ... on level 4 of the Dungeon.
             The game lasted 00:05:47 (3319 turns).

oldriver the Trooper (Gargoyle Chaos Knight)        Turns: 3319, Time: 00:05:48

Health: -2/45      AC: 14    Str: 21    XL:     7   Next: 94%
Magic:  16/16      EV: 10    Int: 11    God:    Xom [......]
Gold:   186        SH:  0    Dex: 13    Spells: 6/6 levels left

rFire   + + .      SeeInvis .    a - +1 spear (chaos)
rCold   . . .      Faith    .    (no shield)
rNeg    + + +      Spirit   .    i - +3 ring mail {rPois}
rPois   ∞          Reflect  .    u - +0 helmet
rElec   +          Rampage  .    e - scarf {shadows}
rCorr   .                        (no gloves)
Will    .....                    (no boots)
Stlth   +++                      (no amulet)
HPRegen 0.27/turn                z - ring of Vyfin {*Slow rPois rF+ rN++ Stlth+}
MPRegen 0.15/turn                b - ring of Raepned {rF+ rN+ MP+9 Str+4}

@: studying Axes
A: sickness immunity, AC +4, negative energy resistance 1, electricity
resistance, torment resistance 1, petrification resistance, talons 2, agile 1,
wild magic 1
a: Renounce Religion


You were on level 4 of the Dungeon.
You worshipped Xom.
You were a very special plaything of Xom.
You visited 1 branch of the dungeon, and saw 4 of its levels.

You collected 186 gold pieces.

Inventory:

Hand Weapons
 a - a +1 spear of chaos (weapon)
Missiles
 w - 12 poisoned darts (quivered)
Armour
 e - a scarf of shadows (worn)
 i - a +3 ring mail of poison resistance (worn)
 u - a +0 helmet (worn)
Jewellery
 b - the ring of Raepned (right hand) {rF+ rN+ MP+9 Str+4}
   (You acquired it on level 4 of the Dungeon)

   [ring of magical power]

   Str:       It affects your strength (+4).
   rF:        It protects you from fire.
   rN:        It protects you from negative energy.
   MP:        It affects your magic capacity (+9).
 z - the ring of Vyfin (left hand) {*Slow rPois rF+ rN++ Stlth+}
   (You found it on level 4 of the Dungeon)

   [ring of protection from fire]

   rF:        It protects you from fire.
   rPois:     It protects you from poison.
   rN:        It greatly protects you from negative energy.
   *Slow:     It may slow you when you take damage.
   Stlth:     It makes you more stealthy.
Wands
 A - a wand of roots (4)
Scrolls
 j - a scroll of teleportation
 m - a scroll of summoning
 q - a scroll of noise
Potions
 h - 3 potions of attraction
 x - a potion of magic
Miscellaneous
 c - a piece from Xom's chessboard (15/15)


   Skills:
 + Level 5.9 Fighting
 * Level 5.4(6.4) Axes
 - Level 5.0(6.2) Polearms
 - Level 2.1 Armour
 - Level 0.7 Dodging
 - Level 4.0 Stealth


You had 6 spell levels left.
You didn't know any spells.
Your spell library contained the following spells:

 Spells                   Type           Power      Damage    Failure   Level
 Necrotise                Necr           0%         1d4       58%         1
 Static Discharge         Conj/Air       0%         2-2/arc   73%         2
 Frozen Ramparts          Ice            0%         1d1       90%         3
 Vampiric Draining        Necr           0%         2d6       90%         3
 Vhi's Electric Charge    Tloc/Air       0%         N/A       90%         3
 Ice Form                 Ice/Tmut       0%         N/A       100%        4
 Summon Ice Beast         Ice/Summ       0%         N/A       100%        4
 Agony                    Necr           0%         N/A       100%        5
 Arcjolt                  Conj/Air       0%         1d10      100%        5
 Lightning Bolt           Conj/Air       0%         1d11      100%        5


Dungeon Overview and Level Annotations

Branches:
Dungeon (4/15)
 Temple: D:4-7

Altars:
Cheibriados
Ru


Innate Abilities, Weirdness & Mutations

You are immune to sickness and miasma.
Your stone body is resilient. (AC +4)
You are immune to poison.
You resist negative energy. (rN+)
You are resistant to electric shocks. (rElec)
You are resistant to unholy torment.
You are immune to petrification.
You have razor-sharp toenails.
You are agile. (Dex +4, Str/Int -1)
Your spells are a little harder to cast, but a little more powerful.


Message History

Reach: a) +1 spear (chaos)
Press: ? - help, Dir - move target, f/p - gnoll
Aim: a gnoll, wielding a +0 halberd (heavily wounded, about 31% to evade your +1 spear of chaos)
You reach to attack!
You hit the gnoll.
The gnoll goes berserk!
The gnoll is severely wounded.
The gnoll barely misses you. The gnoll closely misses you.
Reach: a) +1 spear (chaos)
Press: ? - help, Dir - move target, f/p - gnoll
Aim: a gnoll, wielding a +0 halberd (severely wounded, berserk, about 31% to evade your +1 spear of chaos)
You reach to attack!
You hit the gnoll but do no damage.
The gnoll is severely wounded.
The gnoll hits you from afar with a +0 halberd.
Reach: a) +1 spear (chaos)
Press: ? - help, Dir - move target, f/p - gnoll
Aim: a gnoll, wielding a +0 halberd (severely wounded, berserk, about 31% to evade your +1 spear of chaos)
You reach to attack!
You hit the gnoll but do no damage.
The gnoll is severely wounded.
The gnoll misses you.
Reach: a) +1 spear (chaos)
Press: ? - help, Dir - move target, f/p - gnoll
Aim: a gnoll, wielding a +0 halberd (severely wounded, berserk, about 31% to evade your +1 spear of chaos)
You reach to attack!
You hit the gnoll but do no damage.
The gnoll is severely wounded.
The gnoll closely misses you.
Reach: a) +1 spear (chaos)
Press: ? - help, Dir - move target, f/p - gnoll
Aim: a gnoll, wielding a +0 halberd (severely wounded, berserk, about 31% to evade your +1 spear of chaos)
You reach to attack!
You hit the gnoll. You freeze the gnoll.
The gnoll is almost dead.
The gnoll hits you from afar with a +0 halberd!!
* * * LOW HITPOINT WARNING * * *
Okay, then.
Aiming: Fastroot
Press: ? - help, Shift-Dir - straight line, f/p - gnoll
Aim: a gnoll, wielding a +0 halberd (almost dead, berserk)
The roots erupt in riotous growth!
Roots grab the gnoll.
The grasping roots constrict the gnoll.
The gnoll hits you from afar with a +0 halberd.
You die...

#'###.# #.#.# #....<.†..#####
#.....###.#.# #.........##...
###.......#.# #.........##...
**#.#######.#######.........##...
,,#.#.............+..............
*,#......##......##[.........#...
*,###.##.#######.####.######.##.#
,,.........# #.# #............
*,#....#.#.# #@######......##.#
*,#.#....#.# #)#..............#
,,#,#....#.#####g#.###.......#.##
***..........g...............#.##
,,,.####...##....#.###.......#.##
**#,#................#.......#.#
###.########.[.....#.#.......#.#
..............######.#.......#.#
#.....######.........#.......#>#


You could see a gnoll (berserk, rooted).

Vanquished Creatures
  Pikel (D:4)
  Edmund (D:4)
  An orc priest (D:3)
  An iguana (D:4)
  Terence (D:3)
  Ijyb (D:4)
  An orc wizard (D:3)
  5 gnolls
  An adder (D:2)
  An ufetubus (D:4)
  2 worms
  2 dart slugs
  6 orcs
  6 ball pythons
  5 bats
  2 endoplasms
  4 giant cockroaches
  4 goblins
  3 hobgoblins
  3 quokkas
  2 frilled lizards (D:1)
  5 kobolds
  A rat (D:3)
59 creatures vanquished.

Vanquished Creatures (others)
  A bat zombie (D:1)
  A plant (D:2)
2 creatures vanquished.

Grand Total: 61 creatures vanquished

Notes
Turn   | Place    | Note
-------+----------+-------------------------------------------
     0 | D:1      | oldriver the Gargoyle Chaos Knight began the quest for the
                  | Orb.
     0 | D:1      | Reached XP level 1. HP: 14/14 MP: 1/1
   149 | D:1      | Reached XP level 2. HP: 17/19 MP: 2/2
   310 | D:1      | Reached skill level 1 in Stealth
   583 | D:1      | XOM: silly message
   725 | D:1      | XOM: cloud trail
   760 | D:2      | Reached XP level 3. HP: 24/24 MP: 3/3
  1071 | D:2      | XOM: silly message
  1519 | D:2      | XOM: give mutations
  1519 | D:2      | Gained mutation: Your spells are a little harder to cast,
                  | but a little more powerful. [Xom's grace]
  1519 | D:2      | Gained mutation: You have sharp toenails. [Xom's grace]
  1519 | D:2      | Gained mutation: You are agile. (Dex +4, Str/Int -1) [Xom's
                  | grace]
  1519 | D:2      | Gained mutation: You have razor-sharp toenails. [Xom's
                  | grace]
  1660 | D:3      | Found a sacrificial altar of Ru.
  1674 | D:3      | Reached XP level 4. HP: 25/29 MP: 4/4
  1690 | D:3      | XOM: summons 1 hostile demon
  1780 | D:3      | Found a snail-covered altar of Cheibriados.
  1937 | D:3      | XOM: stat loss: -1 Str (16/17)
  2063 | D:3      | Reached XP level 5. HP: 33/33 MP: 5/5
  2305 | D:3      | Noticed Terence
  2316 | D:3      | Killed Terence
  2439 | D:3      | XOM: noise
  2702 | D:4      | Identified the ring of Vyfin {*Slow rPois rF+ rN++ Stlth+}
  2722 | D:4      | Noticed Ijyb
  2731 | D:4      | Killed Ijyb
  2732 | D:4      | Reached XP level 6. HP: 32/39 MP: 6/6
  2953 | D:4      | Noticed Edmund
  2986 | D:4      | Killed Edmund
  2987 | D:4      | Reached skill level 5 in Polearms
  3017 | D:4      | XOM: summons 4 hostile demons
  3018 | D:4      | Noticed a hellwing
  3075 | D:4      | Identified 2 scrolls of acquirement
  3075 | D:4      | Acquired a manual of Axes
  3113 | D:4      | Acquired the ring of Raepned {rF+ rN+ MP+9 Str+4}
  3184 | D:4      | XOM: 2-stop teleportation journey
  3201 | D:4      | XOM: confusion (+ monsters)
  3203 | D:4      | Noticed Pikel
  3217 | D:4      | XOM: enchant monster (bad)
  3225 | D:4      | XOM: enchant monster (bad)
  3233 | D:4      | Killed Pikel
  3234 | D:4      | Reached skill level 5 in Fighting
  3234 | D:4      | Reached skill level 5 in Axes
  3234 | D:4      | Reached XP level 7. HP: 22/45 MP: 7/7
  3285 | D:4      | XOM: 3-stop teleportation journey
  3318 | D:4      | HP: 2/45 [gnoll/+0 halberd (22)]
  3319 | D:4      | Slain by a gnoll

Illustrated notes

Levels and vault maps discovered:
D:1:      sevenhm_arrival_forest_fort_small_3, layout_loops_ring,
          due_unseen_surprise
D:2:      layout_loops_ring, serial_forest, infiniplex_forest_end_3,
          infiniplex_forest_clump_small, infiniplex_forest_end_1,
          infiniplex_forest_end_2, infiniplex_forest_straight_3, minivault_25
D:3:      layout_basic, lemuel_crystal_altar,
          nicolae_ru_great_annihilating_truth, uniq_terence
D:4:      layout_basic, uniq_pikel, uniq_ijyb, uniq_edmund

Skill      XL: |  1  2  3  4  5  6 |
---------------+-------------------+-----
Polearms       | 3 4 5 |  5.0
Stealth        | 1 2 3 4 |  4.0
Fighting       | 4 5 |  5.9
Axes           | 5 |  5.4
Armour         | |  2.1
Dodging        | |  0.7

Action                     |  1- 3 |  4- 6 |  7- 9 || total
---------------------------+-------+-------+-------++-------
  Melee: Spear             |    91 |   153 |    26 ||   270
         Kick              |     4 |    37 |     2 ||    43
         Punch             |       |     3 |       ||     3
  Throw: Dart              |       |     2 |       ||     2
  Evoke: Wand              |       |     3 |     1 ||     4
    Use: Scroll            |       |    14 |       ||    14
         Potion            |       |     6 |       ||     6
   Stab: Sleeping          |     3 |     5 |       ||     8
         Distracted        |       |     1 |       ||     1
         Confused          |       |     1 |       ||     1
         Paralysed         |       |     1 |       ||     1
         Invisible         |       |     1 |       ||     1
 Armour: Leather armour    |    30 |    22 |       ||    52
         Ring mail         |       |    20 |     9 ||    29
  Dodge: Dodged            |    36 |    58 |     8 ||   102

Table legend: (Time is in decaauts)
 A = Elapsed time spent in this place.
 B = Non-inter-level travel time spent in this place.
 C = Inter-level travel time spent in this place.
 D = Time resting spent in this place.
 E = Time spent auto-exploring this place.
 F = Levels seen in this place.
 G = Mean time per level.
                   A        B        C        D        E       F      G
               +--------+--------+--------+--------+--------+-----+--------+
         Total |   3291 |   3053 |    238 |     14 |   2486 |   4 |  822.8 |
       Dungeon |   3291 |   3053 |    238 |     14 |   2486 |   4 |  822.8 |
               +--------+--------+--------+--------+--------+-----+--------+

Top non-repeatable levels by time:
     D:3: 959 daAuts
     D:2: 922 daAuts
     D:1: 751 daAuts
     D:4: 657 daAuts
